Map: Ephemeron LE

Players

Mez

  • Race: Terran Terran
  • League: Master
  • Spawn Location: 5:00

Bubbas - Winner!

  • Race: Protoss Protoss
  • League: Master
  • Spawn Location: 11:00

VOD

Have the link to the VOD?

Description

Time

  • Played on: Sept. 5, 2019, 9:41 a.m.
  • Length: 26:53
Show
View Real Time Build Order
Export as new Build Order

Mez Terran 

Build Orders: Reaper Expand 

Get SALT Encoding   

  12  0:00  SCV  
  13  0:12  SCV  
  14  0:17  Supply Depot  
  14  0:25  SCV  
  15  0:38  SCV  
  15  0:40  Barracks  
  16  0:45  Refinery  
  16  0:50  SCV  
  17  1:03  SCV  
  18  1:15  SCV  
  19  1:27  Orbital Command  
  19  1:31  Reaper  
  20  1:42  Command Center  
  20  1:50  Bunker  
  20  1:54  SCV  
  20  1:59  Supply Depot  
  21  2:04  Marine  
  21  2:07  SCV  
  24  2:23  Barracks Reactor  
  23  2:37  SCV  
  24  2:50  Command Center  
  23  2:57  SCV  
  23  2:58  Factory  
  24  3:03  Refinery  
  24  3:06  Marine x2  
  24  3:12  Orbital Command  
  26  3:13  SCV  
  27  3:24  Marine x2  
  27  3:25  SCV  
  30  3:37  SCV  
  30  3:38  SCV  
  32  3:41  Marine  
  32  3:42  Marine  
  32  3:43  Widow Mine  
  32  3:44  Starport  
  36  3:49  SCV  
  36  3:50  SCV  
  38  4:01  SCV  
  38  4:02  SCV  
  40  4:10  Marine  
  40  4:11  Widow Mine, Marine  
  40  4:13  SCV  
  40  4:14  SCV  
  40  4:15  Orbital Command  
  46  4:18  Refinery  
  46  4:23  Starport Tech Lab  
  46  4:25  SCV  
  46  4:26  SCV  
  46  4:27  Barracks  
  46  4:29  Supply Depot  
  46  4:30  Marine  
  46  4:31  Marine  
  50  4:37  SCV  
  51  4:38  SCV  
  51  4:40  Factory Tech Lab  
  51  4:42  Raven  
  54  4:46  SCV  
  54  4:50  SCV  
  56  4:55  Supply Depot  
  56  4:57  SCV  
  56  4:58  SCV  
  56  4:59  Barracks  
  58  5:02  SCV  
  59  5:10  Engineering Bay x2, SCV x2  
  61  5:15  Refinery  
  61  5:20  Marine x2  
  64  5:21  SCV  
  64  5:22  SCV  
  64  5:23  Supply Depot  
  64  5:24  Factory Reactor  
  64  5:25  Orbital Command  
  64  5:26  Supply Depot, Stimpack  
  65  5:36  Marauder, Starport Reactor  
  65  5:40  SCV x2  
  69  5:44  Terran Infantry Armor Level 1, Terran Infantry Weapons Level 1  
  69  5:46  Marine x2  
  71  5:52  SCV x2  
  71  5:56  Marauder  
  71  5:57  SCV  
  76  6:03  Supply Depot  
  76  6:04  SCV  
  77  6:05  Supply Depot  
  77  6:06  Barracks x2  
  77  6:08  Marauder, Marine x2  
  77  6:11  SCV x2  
  83  6:16  SCV  
  84  6:22  Widow Mine x2, Medivac  
  84  6:23  Medivac  
  92  6:26  SCV x2  
  94  6:34  Marine  
  94  6:35  Marauder x2, Marine  
  94  6:36  Combat Shield  
  94  6:38  SCV x2  
  94  6:39  Supply Depot  
  102  6:40  Supply Depot, SCV  
  102  6:44  Armory  
  102  6:45  Widow Mine x2  
  107  6:50  SCV  
  107  6:51  Refinery, SCV  
  107  6:53  Refinery  
  109  6:59  SCV  
  109  7:01  Viking x2  
  113  7:02  SCV  
  113  7:03  SCV  
  115  7:09  Marine x2  
  115  7:10  Marauder x2  
  115  7:11  SCV  
  115  7:13  Barracks Tech Lab, Barracks Reactor  
  119  7:26  Starport, SCV x3  
  122  7:30  Marine x2  
  122  7:35  Supply Depot x2  
  124  7:38  Marauder x2, Viking x2  
  132  7:44  Concussive Shells  
  132  7:46  Terran Infantry Armor Level 2, Terran Infantry Weapons Level 2  
  132  7:48  Marine  
  133  7:57  Marauder  
  135  7:58  Marine  
  135  7:59  Marauder x2, Marine  
  135  8:03  Supply Depot  
  135  8:04  Barracks  
  135  8:05  Supply Depot x2, Barracks  
  141  8:07  Barracks  
  141  8:11  Viking x2  
  145  8:13  Viking  
  147  8:20  Marauder  
  147  8:24  Marine x3  
  147  8:26  Ghost Academy  
  151  8:29  Supply Depot  
  151  8:31  Supply Depot  
  151  8:34  Viking  
  151  8:36  Marauder x2  
  157  8:42  Supply Depot  
  157  8:43  Supply Depot  
  157  8:44  Viking  
  159  9:00  Barracks Tech Lab x2, Marauder x3, Marine  
  159  9:01  Viking x2  
  170  9:15  Barracks Tech Lab  
  170  9:18  Viking  
  170  9:20  Viking  
  174  9:28  Marine  
  174  9:29  Marine x2  
  174  9:30  Command Center  
  176  9:43  Marine  
  176  9:44  Marauder  
  164  9:54  Viking x3  
  164  9:55  Viking  
  174  10:10  Marine  
  174  10:11  Marine x3  
  176  10:16  Terran Infantry Weapons Level 3  
  176  10:18  Terran Infantry Armor Level 3  
  176  10:24  Unknown x3  
  176  10:38  Marauder x2  
  176  10:39  Unknown x2  
  180  10:49  Command Center  
  180  10:51  Terran Ship Weapons Level 1  
  180  10:53  Starport, Fusion Core  
  179  10:59  Viking  
  185  11:10  Planetary Fortress  
  185  11:17  Marauder x2  
  185  11:18  Marauder x2  
  193  11:20  Refinery  
  193  11:24  Refinery  
  193  11:26  Unknown x2  
  193  11:30  Enhanced Shockwaves  
  193  11:31  Starport Tech Lab  
  193  11:33  Liberator x2  
  163  11:49  Marauder, Marine  
  163  11:50  Marauder x3, Marine x3  
  167  12:03  Orbital Command  
  167  12:06  Advanced Ballistics  
  167  12:14  SCV x3  
  161  12:16  SCV  
  161  12:22  Liberator x4  
  157  12:26  SCV x3  
  157  12:28  SCV  
  154  12:38  SCV x2  
  166  12:46  Liberator  
  166  12:54  Sensor Tower  
  166  13:04  Marauder x2  
  173  13:11  Sensor Tower  
  173  13:14  Sensor Tower  
  177  13:30  SCV  
  177  13:32  SCV x3  
  179  13:41  Liberator x3  
  176  13:42  SCV  
  176  13:44  SCV  
  176  13:50  Missile Turret  
  176  13:51  Unknown x3  
  176  13:52  Missile Turret  
  185  14:04  Missile Turret  
  185  14:06  Liberator x2  
  185  14:09  Missile Turret  
  185  14:23  Liberator  
  191  14:36  Marauder  
  191  14:37  Marauder x2  
  200  14:59  Missile Turret  
  199  15:35  Marauder  
  187  16:22  Medivac x4  
  191  17:06  Marine  
  191  17:07  Marauder x3, Marine x2  
  198  17:18  Liberator x5  
  184  17:28  Unknown  
  184  17:29  Unknown x2  
  169  17:58  Marauder, Marine x2  
  117  17:59  Marauder  
  117  18:01  Liberator x3  
  108  18:07  Command Center  
  108  18:08  Command Center  
  108  18:09  Liberator  
  108  18:14  Marauder x3, Marine x2  
  108  18:15  Marauder  
  108  18:16  Marine x2  
  108  18:18  Viking  
  108  18:19  Starport  
  133  18:20  Marauder  
  133  18:21  Terran Ship Weapons Level 2, Starport  
  136  18:31  Liberator  
  124  18:43  Liberator  
  124  18:44  Liberator x2  
  124  18:46  Marauder x3, Marine  
  124  18:47  Marine  
  150  19:08  Starport Tech Lab x2  
  150  19:10  Marine x2  
  150  19:11  Marauder x3  
  150  19:15  Marauder, Unknown x3  
  159  19:17  Liberator x3  
  159  19:18  Liberator  
  159  19:21  Personal Cloaking  
  159  19:26  Liberator  
  169  19:49  Viking  
  168  20:04  Planetary Fortress  
  168  20:07  Marine  
  169  20:26  Viking  
  167  20:34  Sensor Tower  
  167  21:03  Refinery  
  167  21:10  Refinery  
  153  21:35  Marine x3  
  156  21:41  Nuke  
  155  21:50  Viking  
  119  22:47  Viking  
  100  25:56  Marine x2  
Show
View Real Time Build Order
Export as new Build Order

Bubbas Protoss - Winner!

Build Orders: 1 Gate Expand, Colossus Rush 

Get SALT Encoding   

  12  0:00  Probe  
  13  0:12  Probe  
  14  0:17  Pylon  
  14  0:25  Probe  
  15  0:34  Probe  
  15  0:42  Gateway, Probe  
  17  0:53  Probe  
  18  0:57  Assimilator  
  18  1:01  Probe  
  18  1:09  Probe  
  20  1:19  Probe  
  21  1:29  Nexus  
  21  1:41  Cybernetics Core  
  21  1:45  Probe  
  22  1:49  Assimilator  
  22  1:55  Pylon  
  22  1:56  Probe  
  23  2:09  Probe  
  24  2:17  Probe, Stalker  
  24  2:18  Warp Gate  
  28  2:30  Probe  
  28  2:42  Probe  
  28  2:44  Probe  
  28  2:53  Probe, Sentry  
  28  2:54  Probe  
  28  2:56  Robotics Facility  
  32  3:02  Probe  
  32  3:06  Probe  
  32  3:10  Probe  
  33  3:18  Probe x2  
  33  3:19  Sentry  
  37  3:26  Pylon, Probe  
  38  3:30  Probe  
  40  3:36  Probe  
  41  3:42  Probe  
  41  3:43  Observer  
  41  3:45  Robotics Bay  
  43  3:48  Probe  
  43  3:51  Pylon  
  43  3:54  Probe  
  45  3:58  Gateway  
  45  3:59  Gateway  
  45  4:00  Probe  
  46  4:06  Probe  
  47  4:11  Shield Battery  
  47  4:13  Probe  
  47  4:16  Probe  
  48  4:17  Observer  
  48  4:21  Probe  
  48  4:22  Assimilator  
  48  4:23  Assimilator  
  50  4:24  Probe  
  50  4:27  Pylon  
  50  4:29  Probe  
  52  4:33  Probe  
  52  4:38  Colossus  
  54  4:43  Gateway  
  54  4:44  Gateway  
  60  5:05  Extended Thermal Lance, Nexus  
  60  5:07  Zealot x2  
  60  5:08  Zealot  
  60  5:11  Probe  
  60  5:13  Pylon  
  67  5:20  Pylon  
  67  5:21  Colossus  
  73  5:38  Forge x2  
  73  5:46  Probe x2  
  75  5:51  Pylon  
  75  5:55  Twilight Council  
  75  5:57  Pylon  
  75  6:04  Stalker x3  
  77  6:08  Protoss Ground Armor Level 1, Protoss Ground Weapons Level 1  
  77  6:09  Pylon  
  77  6:11  Shield Battery  
  81  6:15  Probe x2  
  81  6:16  Colossus  
  83  6:31  Probe x2  
  92  6:32  Probe  
  92  6:35  Charge  
  92  6:43  Probe x2  
  92  6:45  Probe  
  95  6:52  Colossus  
  95  6:55  Probe  
  96  7:11  Gateway  
  96  7:14  Gateway  
  96  7:15  Observer, Gateway  
  102  7:16  Pylon  
  102  7:26  Probe  
  102  7:28  Probe x2  
  105  7:30  Assimilator  
  105  7:34  Photon Cannon x2, Assimilator  
  105  7:36  Shield Battery  
  105  7:41  Gateway  
  105  7:43  Gateway  
  105  7:46  Immortal, Templar Archives  
  105  7:50  Pylon  
  109  7:52  Zealot x4  
  109  7:54  Zealot  
  119  7:59  Protoss Ground Armor Level 2, Protoss Ground Weapons Level 2  
  119  8:01  Photon Cannon  
  119  8:03  Photon Cannon  
  119  8:06  Psionic Storm  
  119  8:07  Shield Battery, Probe x2  
  119  8:08  Probe  
  119  8:11  Blink  
  122  8:19  Probe  
  123  8:25  Probe  
  123  8:26  Probe  
  125  8:28  Observer  
  125  8:29  Immortal  
  129  8:42  High Templar  
  129  8:43  Pylon, High Templar  
  129  8:47  Pylon  
  133  8:49  Pylon  
  131  8:57  Stalker  
  131  8:58  Stalker x4  
  141  9:03  Pylon  
  141  9:07  Stalker x2  
  145  9:19  Zealot x3  
  151  9:29  Zealot x4  
  151  9:30  Zealot x3  
  164  9:59  Warp Prism  
  164  10:00  Observer  
  158  10:07  Nexus  
  158  10:09  Pylon  
  158  10:12  High Templar x2  
  160  10:17  Gravitic Drive  
  160  10:18  Probe x2, Robotics Facility  
  162  10:27  Nexus  
  160  10:28  Pylon  
  160  10:31  Warp Prism, High Templar x2  
  164  10:39  Protoss Ground Weapons Level 3  
  164  10:40  Protoss Ground Armor Level 3  
  166  10:48  Shield Battery  
  166  10:49  Shield Battery, High Templar  
  168  10:50  Shield Battery  
  168  10:52  High Templar  
  170  11:10  Gateway x3  
  170  11:14  Pylon  
  170  11:17  Gateway  
  170  11:18  Gateway  
  170  11:31  Pylon  
  156  11:49  Archon  
  156  11:52  Zealot x4  
  156  11:53  Zealot x5  
  156  11:54  Zealot  
  166  12:11  Zealot x3  
  166  12:14  Probe x2  
  164  12:16  Colossus, Assimilator  
  164  12:18  Colossus, Assimilator  
  164  12:20  Photon Cannon  
  164  12:21  Photon Cannon  
  172  12:33  High Templar x2  
  172  12:34  High Templar x2  
  178  12:39  Pylon  
  178  12:40  Photon Cannon  
  176  12:45  Stargate  
  176  12:46  Stargate  
  176  12:49  Pylon  
  176  12:51  Photon Cannon  
  176  12:53  Photon Cannon  
  176  12:55  Photon Cannon  
  176  12:57  Photon Cannon  
  176  13:02  Gravitic Boosters, High Templar  
  176  13:03  High Templar  
  180  13:07  Zealot  
  180  13:08  Zealot x3  
  180  13:10  Warp Prism  
  190  13:13  Observer  
  185  13:33  Fleet Beacon  
  177  14:01  Stalker  
  177  14:02  Zealot x6  
  189  14:03  Zealot x4  
  199  14:11  Assimilator  
  199  14:13  Assimilator  
  199  14:14  Shield Battery  
  199  14:15  Photon Cannon  
  199  14:16  Photon Cannon x2  
  199  14:17  Photon Cannon  
  199  14:18  Photon Cannon  
  199  14:20  Pylon  
  199  14:23  Shield Battery  
  199  14:45  Observer  
  200  14:50  Tempest  
  200  14:57  Tempest  
  193  15:07  Protoss Shields Level 1  
  198  15:21  Protoss Air Weapons Level 1  
  194  15:38  Zealot x2  
  194  15:39  Zealot x3  
  196  16:19  Nexus  
  194  16:41  Tempest  
  199  16:47  Pylon  
  199  16:56  Tempest  
  191  17:10  Zealot x4  
  194  17:23  Tempest  
  162  17:53  Zealot x2  
  162  17:54  Zealot x3  
  162  17:55  Zealot x2  
  162  17:56  Zealot x5  
  162  17:57  Zealot  
  168  17:59  Colossus  
  168  18:00  Colossus  
  168  18:07  Assimilator  
  168  18:08  Tempest x2  
  168  18:10  Assimilator  
  178  18:21  High Templar x3  
  166  18:42  Zealot x5  
  166  18:43  Zealot x5, Tempest x2  
  166  18:44  Zealot  
  180  18:51  Shield Battery  
  180  18:54  Photon Cannon  
  190  18:55  Shield Battery  
  190  18:58  Photon Cannon  
  190  19:23  Stalker x5  
  171  20:04  Zealot x4  
  171  20:05  Zealot x4  
  171  20:06  Zealot x5  
  185  20:57  Pylon  
  169  21:19  Zealot  
  169  21:20  Zealot x6, Nexus  
  169  21:21  Zealot x5  
  169  21:22  Zealot x2  
  169  21:23  Pylon  
  197  21:35  Observer x2  
  197  21:36  Nexus  
  197  21:38  Pylon  
  191  22:20  Zealot  
  191  22:21  Zealot x5  
  183  23:11  Observer  
  183  23:16  Shield Battery  
  183  23:17  Shield Battery  
  183  23:19  Shield Battery  
  183  23:20  Shield Battery, Photon Cannon  
  183  23:21  Shield Battery, Pylon  
  183  23:22  Photon Cannon  
  183  23:23  Photon Cannon x2, Zealot x3  
  183  23:24  Shield Battery, Photon Cannon x2  
  183  23:25  Photon Cannon x2  
  183  23:26  Pylon  
  189  23:27  Photon Cannon  
  189  23:28  Photon Cannon  
  189  23:29  Pylon  
  189  23:34  Pylon  
  189  23:38  Pylon  
  189  23:47  Stalker x2  
  189  23:48  Stalker x3  
  199  24:04  Protoss Shields Level 2  
  199  24:07  Assimilator x2  
  199  24:21  Protoss Air Weapons Level 2  
  199  24:22  Cybernetics Core  
Tags
 
Add a new tag
Caveats
  • Supply blocks, unpowered buildings, or Contaminate may cause inaccurate times.
  • Supply counts are checked every 10 seconds.